 Seeded DCSS version 0.30-a0-322-g102857c98e (webtiles) character file.

Game seed: 16354833681417919205 (custom seed)

63067 purpskrrrp the Brawler (level 14, -12/120 HPs)
             Began as a Troll Fighter on Oct 27, 2022.
             Was the Champion of the Shining One.
             Mangled by a komodo dragon (18 damage)
             ... on level 5 of the Lair of Beasts.
             The game lasted 00:58:26 (17258 turns).

purpskrrrp the Brawler (Troll Fighter)             Turns: 17258, Time: 00:58:26

Health: -12/120    AC: 16    Str: 37    XL:     14   Next: 66%
Magic:  19/19      EV:  9    Int:  8    God:    the Shining One [******]
Gold:   1046       SH: 11    Dex:  9    Spells: 13/13 levels left

rFire   . . .      SeeInvis .      - Unarmed
rCold   + + +      Faith    .    b - +0 kite shield
rNeg    + + +      Spirit   .    K - +0 ice dragon scales
rPois   +          Reflect  .    z - +2 hood of the Assassin {Detection Stab+ Stlth++}
rElec   .          Harm     .    o - +2 cloak
rCorr   .          Rampage  .    (gloves unavailable)
Will    +....                    (boots unavailable)
Stlth   +.........               t - amulet of regeneration
HPRegen 2.00/turn                M - +6 ring of strength
MPRegen 0.16/turn                J - +6 ring of intelligence

@: glowing
A: large, unfitting armour, claws 3, regeneration 1, shaggy fur 1, tough skin 1,
cold resistance 1, dopey 1, fire resistance 1, poison resistance, subdued magic
1, MP-powered wands
a: Renounce Religion, Divine Shield, Cleansing Flame, Summon Divine Warrior,
Brand Weapon With Holy Wrath


You were on level 5 of the Lair of Beasts.
You worshipped the Shining One.
The Shining One was exalted by your worship.
You visited 2 branches of the dungeon, and saw 18 of its levels.
You also visited: Sewer, Ossuary and Ice Cave.

You collected 1706 gold pieces.
You spent 660 gold pieces at shops.

Inventory:

Hand Weapons
 j - a +4 battleaxe
 P - the +5 sling of the Stopping Gods {speed, Str+6}
   (You found it on level 11 of the Dungeon)

   Attacks with this weapon are significantly faster.
   Str:       It affects your strength (+6).
Missiles
 O - 2 throwing nets
Armour
 a - a +0 robe
 b - a +0 kite shield (worn)
 o - a +2 cloak (worn)
 z - the +2 hood of the Assassin (worn) {Detection Stab+ Stlth++}
   (You bought it in a shop on level 2 of the Dungeon)

   It allows the wearer to sense nearby creatures.
   It allows the wearer to make particularly effective stabbing attacks against
   helpless or unaware enemies with any weapon.
   Stlth:     It makes you much more stealthy.
 G - +0 acid dragon scales
 K - +0 ice dragon scales (worn)
 R - the +1 robe of Surprise {rC+ Regen+ Archmagi}
   (You found it on level 11 of the Dungeon)

   rC:        It protects you from cold.
   Regen:     It increases your rate of health regeneration.
   Archmagi:  It increases the power of your magical spells.
Jewellery
 c - a +4 ring of evasion
 e - a +6 ring of dexterity
 g - a ring of willpower
 l - a +4 ring of protection
 t - an amulet of regeneration (around neck)
 F - a ring of willpower
 J - a +6 ring of intelligence (right claw)
 M - a +6 ring of strength (left claw)
 N - a ring of flight
Wands
 k - a wand of polymorph (5)
 n - a wand of flame (6)
 r - a wand of roots (32)
 C - a wand of digging (8)
 X - a wand of charming (5)
 Z - a wand of quicksilver (7)
Scrolls
 f - a scroll of brand weapon
 w - 2 scrolls of poison
 B - 2 scrolls of enchant weapon
 H - a scroll of magic mapping
 I - a scroll of silence
Potions
 d - 2 potions of heal wounds
 h - 2 potions of cancellation
 i - 16 potions of curing
 p - 2 potions of lignification
 q - a potion of flight
 v - 4 potions of haste
 T - a potion of berserk rage
 V - a potion of attraction


   Skills:
 + Level 3.3 Fighting
 + Level 2.0 Armour
 + Level 8.4 Dodging
 - Level 12.3 Shields
 * Level 18.4 Unarmed Combat
 + Level 8.1 Invocations


You had 13 spell levels left.
You didn't know any spells.
Your spell library contained the following spells:

 Spells                   Type           Power      Damage    Failure   Level
 Beastly Appendage        Tmut           0%         N/A       80%         1
 Wereblood                Tmut           0%         N/A       91%         2
 Hailstorm                Conj/Ice       0%         3d3       99%         3
 Inner Flame              Hex/Fire       0%         N/A       99%         3
 Portal Projectile        Hex/Tloc       0%         N/A       99%         3
 Spider Form              Tmut/Pois      0%         N/A       99%         3
 Tukima's Dance           Hex            0%         N/A       99%         3
 Flame Wave               Conj/Fire      0%         2d4       100%        4
 Ice Form                 Ice/Tmut       0%         N/A       100%        4
 Passage of Golubria      Tloc           0%         N/A       100%        4
 Sticky Flame             Conj/Fire      0%         2d3       100%        4
 Summon Lightning Spire   Summ/Air       0%         N/A       100%        4
 Blade Hands              Tmut           0%         N/A       100%        5
 Yara's Violent Unravell  Hex/Tmut       0%         3d3       100%        5
 Simulacrum               Ice/Necr       0%         N/A       100%        6
 Storm Form               Tmut/Air       0%         N/A       100%        7
 Maxwell's Capacitive Co  Air            0%         ∞         100%        8


Dungeon Overview and Level Annotations

Branches:
Dungeon (13/15)            Temple (0/1) D:7            Lair (5/5) D:10
 Shoals (0/4) Lair:3        Snake (0/4) Lair:2        Slime (0/5) Lair:4
    Orc (0/2) D:12          Sewer (visited)         Ossuary (visited)
  IceCv (visited)
 Vaults: D:13-14

Altars:
Trog
Vehumet
Xom
Yredelemnul
The Shining One
Jiyva

Shops:
D:2 [   D:4 *   D:8 !   D:12 =

Annotations:
D:11 3 runed translucent doors
Lair:5 2 runed translucent doors


Innate Abilities, Weirdness & Mutations

You are too large for most types of armour.
You have claws for hands.
Your natural rate of healing is unusually fast.
You are covered in fur. (AC +1)
You have tough skin. (AC +1)
Your flesh is cold resistant. (rC+)
You are dopey. (Int -2)
Your flesh is heat resistant. (rF+)
Your system is resistant to poisons. (rPois)
Your spells are a little easier to cast, but a little less powerful.
You expend magic power (3 MP) to strengthen your wands.


Message History

The komodo dragon bites you!!
A lava snake comes into view.
The lava snake hisses angrily.
The wyvern bites you. x3; The wyvern bites you!
The molten gargoyle hits you with a +0 mace.
You are engulfed in flames!
The komodo dragon bites you!
* * * LOW HITPOINT WARNING * * *
The wyvern bites you.
* * * LOW HITPOINT WARNING * * *
The wyvern bites you!
* * * LOW HITPOINT WARNING * * *
The water moccasin bites you but does no damage.
A lava snake comes into view.
The komodo dragon bites you!
* * * LOW HITPOINT WARNING * * *
The molten gargoyle hits you with a +0 mace.
* * * LOW HITPOINT WARNING * * *
You are engulfed in flames!
* * * LOW HITPOINT WARNING * * *
The wyvern bites you. The wyvern bites you!
* * * LOW HITPOINT WARNING * * *
The water moccasin bites you.
* * * LOW HITPOINT WARNING * * *
The wyvern bites you.
* * * LOW HITPOINT WARNING * * *
The wyvern bites you!
* * * LOW HITPOINT WARNING * * *
The komodo dragon bites you but does no damage.
The molten gargoyle hits you but does no damage.
The water moccasin bites you.
* * * LOW HITPOINT WARNING * * *
You turn to flesh and can move again.
Activating: Cleansing Flame (13% risk of failure)
Press: ? - help, Dir - look around, f - activate You fail to use your ability.
The wyvern bites you but does no damage.
You block the wyvern's attack.
The water moccasin bites you but does no damage.
The komodo dragon bites you!!
You die...

§≈≈.§○#○°....##
#.≈§.l○l.....#
##.§§#l.......
#t§≈§##l.....
.#§§........#
..#≈#.§.....#
.D..#§#......##
...# {##9ll..8#
++# #@S..#
##l8#8# {.## §#
≈≈ #≈ #### #≈
####P.### #
#.......#
#.......#


You could see a fire crab, a komodo dragon, a basilisk, a molten gargoyle, a
water moccasin and 2 wyverns.

Vanquished Creatures
  Jorgrun (D:12)
  A catoblepas (Lair:3)
  6 hydras
  2 ice dragons
  4 boulder beetles
  A centaur warrior (D:12)
  7 two-headed ogres
  3 death yaks (Lair:2)
  Sonja (D:10)
  Nergalle (D:10)
  An orange crystal statue (D:11)
  A lindwurm (Lair:4)
  A deep elf pyromancer (D:13)
  An orc sorcerer (D:9)
  3 cyclopes
  A manticore (Lair:3)
  3 elephants (Lair:3)
  A guardian serpent (Lair:2)
  4 black mambas
  2 ice statues (IceCv)
  9 cane toads
  A torpor snail (Lair:5)
  A gargoyle (D:13)
  4 komodo dragons
  5 kobold demonologists
  11 rime drakes
  Maggie (D:6)
  2 tengu conjurers (D:11)
  A freezing wraith (D:12)
  5 trolls
  8 polar bears
  A slime creature (D:12)
  13 blink frogs
  A wind drake (Lair:3)
  A hornet (D:9)
  6 dream sheep
  Sigmund (D:2)
  3 shadows
  52 yaks
  A vampire (D:12)
  2 wraiths (D:11)
  10 wyverns
  Grum (D:11)
  A steam dragon (D:6)
  6 basilisks
  A two-headed ogre zombie (D:12)
  5 vampire mosquitoes
  8 wargs
  A hell hound (D:9)
  3 acid dragons
  11 water moccasins
  3 ice beasts
  A sky beast (D:8)
  A black bear (D:7)
  10 orc warriors
  4 ogres
  16 wolves
  4 centaurs
  3 phantoms
  13 bullfrogs
  9 kobold brigands
  7 gnoll sergeants
  3 wyvern zombies (D:7)
  A necrophage (D:6)
  2 scorpions (D:5)
  A water moccasin zombie (D:7)
  2 elf skeletons (D:7)
  9 wights
  2 lindwurm simulacra (IceCv)
  A troll zombie (D:12)
  8 killer bees
  3 electric eels
  9 howler monkeys
  A bullfrog zombie (D:7)
  6 komodo dragon simulacra (IceCv)
  2 centaur zombies (D:7)
  A human zombie (D:7)
  4 gnoll boudas
  A human skeleton (D:7)
  14 orc priests
  2 hounds
  4 jellies
  Crazy Yiuf (D:2)
  An iguana (D:4)
  Jessica (D:2)
  Ijyb (D:3)
  18 orc wizards
  11 hell rats (Lair:4)
  6 ogre zombies (D:12)
  4 mummies (Ossuary)
  A hound zombie (Ossuary)
  24 gnolls
  8 adders
  5 acid dragon simulacra (IceCv)
  A river rat (D:3)
  2 shadow imps
  An ufetubus (D:5)
  8 steam dragon simulacra (IceCv)
  An adder zombie (Ossuary)
  4 worms
  3 dart slugs
  45 orcs
  12 endoplasms
  7 giant cockroaches
  7 goblins
  5 hobgoblins
  14 jackals
  16 kobolds
  4 quokkas
  8 ball pythons
  6 bats
  4 frilled lizards
  3 gnoll zombies (Ossuary)
  2 goblin skeletons (D:12)
  4 goblin zombies
  3 hobgoblin skeletons (D:12)
  4 hobgoblin zombies
  5 orc skeletons
  12 orc zombies (D:12)
  7 rats
  4 rat zombies (Ossuary)
  A bush (D:2)
642 creatures vanquished.

Vanquished Creatures (others)
  An orc (D:6)
  27 fungi
  57 plants
  4 withered plants (D:2)
89 creatures vanquished.

Grand Total: 731 creatures vanquished

Notes
Turn   | Place    | Note
-------+----------+-------------------------------------------
     0 | D:1      | purpskrrrp the Troll Fighter began the quest for the Orb.
     0 | D:1      | Reached XP level 1. HP: 22/22 MP: 0/0
    92 | D:1      | Reached XP level 2. HP: 29/29 MP: 1/1
   293 | D:1      | Reached skill level 3 in Unarmed Combat
   472 | D:1      | Reached XP level 3. HP: 32/36 MP: 2/2
  1095 | D:2      | Found a faded altar of an unknown god.
  1225 | D:2      | Found Kokhirch's Armour Shoppe.
  1316 | D:2      | Noticed Sigmund
  1485 | D:2      | Killed Sigmund
  1486 | D:2      | Reached skill level 5 in Unarmed Combat
  1486 | D:2      | Reached XP level 4. HP: 44/44 MP: 3/3
  1486 | D:2      | Reached XP level 5. HP: 50/50 MP: 4/4
  1493 | D:2      | Noticed Jessica
  1498 | D:2      | Killed Jessica
  1540 | D:2      | Found a radiant altar of Vehumet.
  1649 | D:2      | Found a runed translucent door.
  1650 | D:2      | Noticed Crazy Yiuf
  1910 | D:2      | Killed Crazy Yiuf
  1911 | D:2      | Reached XP level 6. HP: 18/59 MP: 0/5
  2245 | D:2      | Prayed at the altar of an unknown god.
  2245 | D:2      | Became a worshipper of the Shining One
  2245 | D:2      | Reached * piety under the Shining One
  2337 | D:3      | Noticed Ijyb
  2344 | D:3      | Killed Ijyb
  2606 | D:3      | Found a glowing drain.
  2610 | Sewer    | Entered a sewer
  2809 | Sewer    | Reached skill level 6 in Unarmed Combat
  2959 | Sewer    | Reached XP level 7. HP: 60/66 MP: 6/6
  3085 | Sewer    | Reached skill level 5 in Shields
  3301 | D:3      | Reached ** piety under the Shining One
  3305 | D:3      | Reached skill level 7 in Unarmed Combat
  3555 | D:4      | Found Wiaqouga's General Store.
  3882 | D:4      | Found the +7 Kryia's mail coat {PotionHeal*2 rC+}
  4210 | D:5      | Entered Level 5 of the Dungeon
  4222 | D:5      | Reached XP level 8. HP: 62/74 MP: 7/7
  4286 | D:5      | Reached skill level 8 in Unarmed Combat
  4880 | D:5      | Reached skill level 9 in Unarmed Combat
  4916 | D:5      | Identified the +1 leather armour of Oblivion {Rampage rCorr
                  | Dex-3}
  5031 | D:5      | Gained mutation: You are dopey. (Int -2) [potion of
                  | mutation]
  5031 | D:5      | Gained mutation: Your body sometimes deteriorates upon
                  | taking damage. [potion of mutation]
  5031 | D:5      | Gained mutation: Your system is resistant to poisons.
                  | (rPois) [potion of mutation]
  5255 | D:6      | Reached XP level 9. HP: 41/80 MP: 8/8
  5456 | D:6      | Reached *** piety under the Shining One
  5457 | D:6      | Reached skill level 10 in Unarmed Combat
  5460 | D:6      | Noticed Maggie
  5471 | D:6      | Killed Maggie
  5597 | D:6      | Found a runed translucent door.
  5967 | D:7      | Reached skill level 11 in Unarmed Combat
  6152 | D:7      | Found a sand-covered staircase.
  6160 | Ossuary  | Entered an ossuary
  6164 | Ossuary  | Reached **** piety under the Shining One
  6449 | D:7      | Reached ***** piety under the Shining One
  6474 | D:7      | Found a staircase to the Ecumenical Temple.
  6677 | D:7      | Found a basalt altar of Yredelemnul.
  6685 | D:7      | Reached XP level 10. HP: 75/88 MP: 9/9
  6689 | D:7      | Reached skill level 12 in Unarmed Combat
  6851 | D:8      | Identified the +6 long sword "Uqajyniu" {flame, Int+2}
  6889 | D:8      | Found Huok's Distillery.
  7022 | D:8      | Noticed a two-headed ogre
  7028 | D:8      | Killed a two-headed ogre
  7231 | D:8      | Reached skill level 13 in Unarmed Combat
  7267 | D:8      | Found a shimmering altar of Xom.
  7288 | D:8      | Found a radiant altar of Vehumet.
  7730 | D:9      | Noticed a two-headed ogre
  7735 | D:9      | Killed a two-headed ogre
  7901 | D:9      | Reached XP level 11. HP: 82/94 MP: 10/10
  8000 | D:9      | Noticed a boulder beetle
  8015 | D:9      | Killed a boulder beetle
  8052 | D:9      | Reached skill level 14 in Unarmed Combat
  8425 | D:9      | Noticed a two-headed ogre
  8630 | D:2      | Bought the +2 hood of the Assassin {Detection Stab+
                  | Stlth++} for 660 gold pieces
  8630 | D:2      | Found the +2 hood of the Assassin {Detection Stab+ Stlth++}
  8844 | D:9      | Reached skill level 1 in Invocations
  8898 | D:9      | Killed a two-headed ogre
  8911 | D:9      | Noticed an orc sorcerer
  8919 | D:9      | Killed an orc sorcerer
  8920 | D:9      | Reached skill level 10 in Shields
  8981 | D:9      | Noticed a sun demon
  9098 | D:9      | Reached ****** piety under the Shining One
  9386 | D:10     | Entered Level 10 of the Dungeon
  9430 | D:10     | Found a staircase to the Lair.
  9438 | D:10     | Noticed Nergalle
  9456 | D:10     | Reached skill level 15 in Unarmed Combat
  9468 | D:10     | Killed Nergalle
  9469 | D:10     | Noticed Sonja
  9475 | D:10     | Killed Sonja
  9476 | D:10     | Reached skill level 5 in Dodging
  9476 | D:10     | Reached XP level 12. HP: 34/104 MP: 13/13
  9756 | D:10     | Found a bloodstained altar of Trog.
  9882 | D:11     | Found a runed translucent door.
 10138 | D:11     | Noticed Grum
 10139 | D:11     | Noticed a boulder beetle
 10145 | D:11     | Killed a boulder beetle
 10151 | D:11     | Killed Grum
 10204 | D:11     | Found a runed translucent door.
 10219 | D:11     | Found a runed translucent door.
 10325 | D:11     | Noticed a boulder beetle
 10334 | D:11     | Killed a boulder beetle
 10383 | D:11     | Found a frozen archway.
 10388 | D:11     | Noticed an ice dragon
 10418 | D:11     | Killed an ice dragon
 10440 | IceCv    | Entered an ice cave
 10923 | IceCv    | Noticed an ice dragon
 10934 | IceCv    | Reached skill level 16 in Unarmed Combat
 10940 | IceCv    | Killed an ice dragon
 11224 | D:11     | Identified the +5 sling of the Stopping Gods {speed, Str+6}
 11243 | D:11     | Noticed a two-headed ogre
 11247 | D:11     | Killed a two-headed ogre
 11248 | D:11     | Reached skill level 5 in Invocations
 11327 | D:11     | Found a runed translucent door.
 11582 | D:11     | Noticed a boulder beetle
 11592 | D:11     | Identified the +1 robe of Surprise {rC+ Regen+ Archmagi}
 11667 | D:12     | Found Bymeje's Jewellery Boutique.
 11751 | D:12     | Noticed a two-headed ogre
 11755 | D:12     | Killed a two-headed ogre
 11761 | D:12     | Reached XP level 13. HP: 66/110 MP: 16/16
 11855 | D:12     | Noticed Jorgrun
 11866 | D:12     | Killed Jorgrun
 12265 | D:12     | Found a staircase to the Orcish Mines.
 12420 | D:12     | Lost intelligence.
 13103 | Lair:1   | Entered Level 1 of the Lair of Beasts
 13210 | Lair:1   | Reached skill level 17 in Unarmed Combat
 13286 | Lair:1   | Identified the +1 flail "Embalmer" {speed, Fly rPois Will+
                  | Stlth+}
 13801 | Lair:2   | Found a staircase to the Snake Pit.
 14688 | Lair:3   | Reached XP level 14. HP: 107/118 MP: 18/18
 14708 | Lair:3   | You fall into a shaft and drop 1 floor!
 14999 | Lair:3   | Identified the +0 ring mail of the Equator {Dex+4}
 15007 | Lair:3   | Found a staircase to the Shoals.
 15268 | Lair:3   | Lost intelligence.
 15459 | D:12     | Lost mutation: Your body sometimes deteriorates upon taking
                  | damage. [potion of mutation]
 15459 | D:12     | Lost mutation: You are dopey. (Int -2) [potion of mutation]
 15459 | D:12     | Gained mutation: Your flesh is cold resistant. (rC+)
                  | [potion of mutation]
 15459 | D:12     | Gained mutation: You have hidden genetic defects. [potion
                  | of mutation]
 15459 | D:12     | Gained mutation: You expend magic power (3 MP) to
                  | strengthen your wands. [potion of mutation]
 15459 | D:12     | Gained mutation: Your flesh is heat resistant. (rF+)
                  | [potion of mutation]
 16088 | Lair:4   | Found a staircase to the Slime Pits.
 16088 | Lair:4   | Found a viscous altar of Jiyva.
 16097 | Lair:4   | Reached skill level 18 in Unarmed Combat
 16204 | Lair:4   | Gained mutation: You are dopey. (Int -2) [hidden defects]
 16742 | Lair:5   | Entered Level 5 of the Lair of Beasts
 16821 | Lair:5   | Reached skill level 1 in Armour
 17104 | Lair:5   | Gained mutation: Your spells are a little easier to cast,
                  | but a little less powerful. [hidden defects]
 17104 | Lair:5   | Lost mutation: You have hidden genetic defects. [hidden
                  | defects expressed]
 17247 | Lair:5   | Found a large runed translucent door.
 17247 | Lair:5   | Found a large runed translucent door.
 17257 | Lair:5   | HP: 6/120 [wyvern (5)]
 17258 | Lair:5   | Mangled by a komodo dragon

Illustrated notes

Levels and vault maps discovered:
D:1:      lemuel_arrival_lava_pool, layout_basic, serial_co_window_serial,
          co_window_corner_a, co_window_of_opportunity_a, co_window_paths_b,
          co_window_paths_b, co_window_paths_a, co_window_corner_b,
          co_window_2corner, co_window_2corner, co_window_2corner,
          co_window_2corner, co_window_unsneaky_path_d, co_window_4corner_b,
          glass_columns_a
D:2:      layout_loops_ring, basic_altar, serial_shops, shop,
          ebering_ecumenical_altar_petrified, minmay_hedge_maze,
          kennysheep_cross_bottleneck, uniq_crazy_yiuf_cottage, uniq_jessica,
          uniq_sigmund
D:3:      layout_basic, gup_sewer_entry_spiral, uniq_ijyb
D:4:      layout_loops_ring, serial_forest, infiniplex_forest_clump_small,
          infiniplex_forest_straight_5, infiniplex_forest_straight_1,
          infiniplex_forest_corner_2, infiniplex_forest_straight_3,
          infiniplex_forest_zigzag_1, serial_shops, nicolae_stop_n_shop_1,
          grunt_ministairs_14
D:5:      layout_basic, hangedman_decor_riveting, kennysheep_generic_room_10
D:6:      layout_basic, lightli_church_of_beogh, uniq_maggie
D:7:      layout_rooms, nicolae_yredelemnul_corpse_copse,
          minmay_temple_entry_glassed_door, nicolae_ossuary_entry_catacombs,
          minmay_fractal_squares_gapless_5
D:8:      layout_loops_ring, mainiacjoe_overflow_large_starburst, serial_shops,
          nicolae_diamond_shop, kennysheep_generic_room_15
D:9:      lemuel_castle_with_subvaults [lemuel_castle_interior_carwin_1],
          layout_stronghold
D:10:     layout_rooms, lightli_temple_of_fire, erik_lair_orcish_takeover,
          uniq_sonja, uniq_nergalle
D:11:     layout_roguey, portal_ice_cave_entry_animals_and_master,
          minmay_statue_crystal_thing, uniq_grum
D:12:     kennysheep_room_grid, layout_layer_cave, zombieorc2_lemuel,
          serial_shops, nicolae_shop_trees, uniq_jorgrun
D:13:     layout_loops_corners
Lair:1:   layout_misc_corridors, chequers_serial_rivers_micro_a,
          chequers_serial_rivers_small_b, grunt_forest_small_clearings,
          grunt_megastairs_4
Lair:2:   layout_gridlike, minmay_snake_entry_spellcaster,
          chequers_serial_rivers_micro_b, nicolae_lair_grazing_beasts
          [nicolae_sub_lair_graze_edge, nicolae_sub_lair_graze_edge,
          nicolae_sub_lair_graze_edge, nicolae_sub_lair_graze_edge]
Lair:3:   layout_regular_city, minmay_shoals_entry_beasts,
          nicolae_quartered_pool_super, cheibrodos_lair_lostbears
Lair:4:   layout_roguey [special_room_mythical_zoo], slime_entry_1,
          grunt_megastairs_1, serial_bayou_shore_a
Lair:5:   cheibrodos_lair_end_hotspot, layout_loops_ring

Skill      XL: |  1  2  3  4  5  6  7  8  9 10 11 12 13 14 |
---------------+-------------------------------------------+-----
Shields        | 3 4 5 6 8 9 10 11 12 | 12.3
Unarmed Combat | 3 5 6 7 9 11 13 15 16 17 18 | 18.4
Dodging        | 3 5 6 7 8 |  8.4
Invocations    | 3 5 7 8 |  8.1
Armour         | 2 |  2.0
Fighting       | 3 |  3.3

Action                   |  1- 3 |  4- 6 |  7- 9 | 10-12 | 13-15 || total
-------------------------+-------+-------+-------+-------+-------++-------
Melee: Unarmed           |   143 |    75 |   344 |   585 |   629 ||  1776
Invok: Divine Shield     |       |       |     1 |     2 |     9 ||    12
       Cleansing Flame   |       |       |       |       |     1 ||     1
Evoke: Wand              |       |       |       |     4 |     4 ||     8
  Use: Scroll            |     6 |       |    12 |     7 |    11 ||    36
       Potion            |     1 |     1 |     3 |     5 |     3 ||    13
Armor: Robe              |    49 |    17 |    82 |       |       ||   148
       Steam dragon scal |       |       |       |    66 |       ||    66
       Acid dragon scale |       |       |       |    24 |       ||    24
       Ice dragon scales |       |       |       |    16 |   238 ||   254
Dodge: Dodged            |    38 |    20 |   107 |   275 |   228 ||   668
Block: Kite shield       |    49 |    28 |   168 |   338 |   345 ||   928

Table legend: (Time is in decaauts)
 A = Elapsed time spent in this place.
 B = Non-inter-level travel time spent in this place.
 C = Inter-level travel time spent in this place.
 D = Time resting spent in this place.
 E = Time spent auto-exploring this place.
 F = Levels seen in this place.
 G = Mean time per level.
                   A        B        C        D        E       F      G
               +--------+--------+--------+--------+--------+-----+--------+
         Total |  17268 |  15570 |   1698 |   1425 |   9937 |  21 |  822.3 |
       Dungeon |  11802 |  10355 |   1447 |    889 |   6678 |  13 |  907.8 |
          Lair |   3983 |   3733 |    250 |    305 |   2541 |   5 |  796.6 |
         Sewer |    678 |    678 |      0 |      0 |    486 |   1 |  678.0 |
       Ossuary |    162 |    162 |      0 |      0 |     98 |   1 |  162.0 |
      Ice Cave |    641 |    641 |      0 |    231 |    132 |   1 |  641.0 |
               +--------+--------+--------+--------+--------+-----+--------+

Top non-repeatable levels by time:
     D:2: 1414 daAuts
    D:12: 1388 daAuts
     D:9: 1387 daAuts
  Lair:4: 1144 daAuts
    D:11: 1110 daAuts
     D:6: 1096 daAuts
     D:1: 1012 daAuts
     D:8: 884 daAuts
  Lair:3: 862 daAuts
  Lair:2: 858 daAuts
     D:5: 851 daAuts
     D:3: 765 daAuts
   Sewer: 678 daAuts
  Lair:1: 670 daAuts
     D:4: 667 daAuts
